 Dungeon Crawl Stone Soup version 0.20.0-15-g7f486f2 (webtiles) character file.

5190 grindst0ne the Covert (level 10, 0/61 HPs)
             Began as an Octopode Assassin on June 11, 2017.
             Shot with a bolt by an orc (11 damage)
             ... in a bailey.
             The game lasted 00:29:44 (10715 turns).

grindst0ne the Covert (Octopode Assassin)          Turns: 10715, Time: 00:29:45

Health: 0/61       AC:  1    Str: 18    XL:     10   Next: 60%
Magic:  23/23      EV: 13    Int: 17    God:
Gold:   259        SH:  0    Dex: 19    Spells: 4/9 levels left

rFire    x . .     SeeInvis .   L - +4 Vampire's Tooth {vamp}
rCold    + . .     Gourm    .   (no shield)
rNeg     + . .     Faith    .   (helmet restricted)
rPois    .         Spirit   .   (no amulet)
rElec    .         Reflect  .   o - +4 ring of intelligence
rCorr    .         Harm     .   q - ring of positive energy
MR       .....                  D - +6 ring of strength
Stlth    +++++++...             e - ring "Fuphouj" {Ice +Blink MP+9 Dex+3}
Regen    0.2/turn               (no ring)
MPRegen  0.2/turn               (no ring)
                                (no ring)
                                (no ring)

@: no status effects
A: almost no armour, stealthy swim, amphibious, 8 rings, constrict 8, camouflage
1, gelatinous body 1
a: Evoke Blink


You were in a bailey.
You were not hungry.

You visited 2 branches of the dungeon, and saw 8 of its levels.
You also visited: Ossuary and Bailey.

You collected 259 gold pieces.

Inventory:

Hand Weapons
 a - a +2 dagger of draining
 b - a +1 blowgun
 C - a +2 dagger
 L - the +4 Vampire's Tooth (weapon) {vamp}
   (You found it on level 6 of the Dungeon)

   It inflicts no extra harm, but heals its wielder when it wounds a living foe.
Missiles
 c - 36 poisoned needles
 d - 7 curare-tipped needles
Jewellery
 e - the ring "Fuphouj" (on tentacle) {Ice +Blink MP+9 Dex+3}
   (You acquired it on level 7 of the Dungeon)

   [ring of ice]

   It enhances your ice magic.
   It affects your dexterity (+3).
   It makes you vulnerable to fire.
   It protects you from cold.
   It affects your magic capacity (+9).
   It lets you blink.
 l - an uncursed amulet of magic regeneration
 o - a +4 ring of intelligence (left tentacle)
 q - a ring of positive energy (right tentacle)
 D - a +6 ring of strength (on tentacle)
Wands
 g - a wand of disintegration (20/24)
 x - a wand of clouds (9/9)
 y - a wand of random effects (31/48)
 F - a wand of acid (8/15)
Scrolls
 i - 3 scrolls of enchant armour
 j - 2 scrolls of random uselessness
 k - a scroll of remove curse
 m - 2 scrolls of recharging
 r - a scroll of fear
 u - 3 scrolls of fog
 v - a scroll of amnesia
 w - 4 scrolls of teleportation
 z - a scroll of immolation
Potions
 h - 3 potions of flight
 p - 3 potions of agility
 t - 3 potions of degeneration
 B - a potion of mutation
 H - a potion of heal wounds
 I - a potion of lignification {unknown}
 J - a potion of brilliance
Books
 E - a book of Minor Magic

   Spells                             Type                      Level
   a - Magic Dart                     Conjuration                  1
   b - Blink                          Translocation                2
   c - Call Imp                       Summoning                    2
   d - Slow                           Hexes                        2
   e - Conjure Flame                  Conjuration/Fire             3
   f - Mephitic Cloud                 Conjuration/Poison/Air       3
 G - a Young Poisoner's Handbook

   Spells                             Type                      Level
   a - Sting                          Conjuration/Poison           1
   b - Poisonous Vapours              Poison/Air                   2
   c - Mephitic Cloud                 Conjuration/Poison/Air       3
   d - Olgreb's Toxic Radiance        Poison                       4
   e - Venom Bolt                     Conjuration/Poison           5
 K - a book of Spatial Translocations

   Spells                             Type                      Level
   a - Blink                          Translocation                2
   b - Shroud of Golubria             Charms/Translocation         2
   c - Lesser Beckoning               Translocation                3
   d - Gell's Gravitas                Translocation                3
   e - Teleport Other                 Translocation                3
   f - Passage of Golubria            Translocation                4
 M - a book of Battle

   Spells                             Type                      Level
   a - Infusion                       Charms                       1
   b - Shroud of Golubria             Charms/Translocation         2
   c - Song of Slaying                Charms                       2
   d - Spectral Weapon                Hexes/Charms                 3
   e - Regeneration                   Charms/Necromancy            3
Comestibles
 s - a royal jelly
 A - 4 fruits


   Skills:
 + Level 2.7 Fighting
 + Level 10.7 Short Blades
 - Level 4.0 Throwing
 - Level 1.0 Dodging
 - Level 13.0 Stealth
 - Level 6.0 Evocations


You had 4 spell levels left.
You knew the following spells:

 Your Spells              Type           Power        Failure   Level  Hunger
a - Blink                 Tloc           N/A          34%         2    ###....
b - Shroud of Golubria    Chrm/Tloc      #.........   34%         2    ###....
c - Infusion              Chrm           #...         24%         1    ##.....


Dungeon Overview and Level Annotations

Branches:
Dungeon (7/15)             Temple (1/1) D:4

Altars:
Fedhas
Gozag
Hepliaklqana
Nemelex Xobeh
Okawaru
Qazlal
Ru
Sif Muna
Vehumet
Yredelemnul
Zin
The Shining One


Innate Abilities, Weirdness & Mutations

You cannot wear most types of armour.
You are very stealthy in the water. (Stealth+)
You are amphibious.
You can wear up to eight rings at the same time.
You can use your tentacles to constrict eight enemies at once.
Your skin changes colour to match your surroundings (Stealth+).
Your rubbery body absorbs attacks. (AC +1, EV +1)


Message History

Blink to where?
Press: ? - help, Dir - move target cursor You are very lightly contaminated with residual magic.
As you read the scroll of blinking, it crumbles to dust.
You start resting.
An orc appears from thin air!
It is wielding an arbalest.
You start resting.
An orc warrior is nearby!
You start resting.
Your magical contamination has completely faded away.
You start resting.
An orc comes into view. It is wielding an arbalest.
The orc shouts!
You hit the orc but do no damage. You grab the orc. You constrict the orc.
You hear a shout!
The orc unwields an uncursed arbalest.
The orc hits you.
* * * LOW HITPOINT WARNING * * *
You release your grip on the orc.
The orc wields an uncursed arbalest.
The orc shoots a bolt.
The bolt hits you!
You die...

.##.....≈≈≈≈≈....(..#
.##.................#
'##.................#
∩##..##.o...........#
####.##.............#
.#)'.##.............#
)###.##.............#
:#)'.##.......o.....#
####.##.........@...#
)##..#..............#
'#..##..............#
...##...o...........#
####....≈≈≈≈≈.......#
#......≈≈#.#≈≈......#
.......≈##.##≈......#
......o≈..^..≈......#
......o≈##.##≈......#


You could see an orc.

Vanquished Creatures
  Pikel (D:7)
  An orc knight (Bailey)
  Sigmund (D:3)
  3 hogs (D:7)
  A yak (D:7)
  A human (D:7)
  2 steam dragons (D:6)
  8 orc warriors (Bailey)
  2 phantoms
  A sky beast (D:5)
  2 ice beasts
  A centaur (D:7)
  A bullfrog (D:7)
  12 scorpions
  2 vampire bats (D:6)
  2 howler monkeys
  A jelly (D:5)
  A centaur zombie (Ossuary)
  3 orc priests
  2 human zombies (Ossuary)
  A hound (D:6)
  A centaur skeleton (D:5)
  Crazy Yiuf (D:3)
  Jessica (D:4)
  2 bullfrog skeletons (D:7)
  4 orc wizards
  4 worker ants
  Natasha (twice) (D:4)
  An iguana (D:7)
  4 big kobold zombies (Ossuary)
  A hound zombie (D:5)
  3 mummies (Ossuary)
  Robin (D:4)
  2 gnolls (D:7)
  6 adders
  3 scorpion zombies (Ossuary)
  A shadow imp (D:6)
  An ooze (D:2)
  An adder zombie (D:6)
  2 adder skeletons
  2 worms
  3 dart slugs
  7 leopard geckos
  27 orcs
  12 bats
  5 giant cockroaches
  14 hobgoblins
  4 jackals
  10 kobolds
  2 quokkas
  3 frilled lizards
  3 gnoll zombies (Ossuary)
  13 goblins
  A goblin zombie (Ossuary)
  3 hobgoblin zombies (Ossuary)
  A jackal skeleton (D:5)
  A kobold zombie (Ossuary)
  An orc zombie (Ossuary)
  8 rats
  2 rat zombies (D:5)
212 creatures vanquished.

Vanquished Creatures (others)
  A big kobold zombie (Ossuary)
  A goblin zombie (Ossuary)
2 creatures vanquished.

Grand Total: 214 creatures vanquished

Notes
Turn   | Place    | Note
-------+----------+-------------------------------------------
     0 | D:1      | grindst0ne the Octopode Assassin began the quest for the Orb.
     0 | D:1      | Reached XP level 1. HP: 14/14 MP: 1/1
     3 | D:1      | Noticed an electric eel
     3 | D:1      | Noticed an electric eel
    86 | D:1      | Reached XP level 2. HP: 15/19 MP: 2/2
   377 | D:1      | Reached XP level 3. HP: 24/24 MP: 3/3
   704 | D:2      | Reached skill level 6 in Stealth
  1367 | D:3      | Reached XP level 4. HP: 29/29 MP: 4/4
  1397 | D:3      | Found a runed door.
  1849 | D:3      | Reached XP level 5. HP: 15/34 MP: 5/5
  2070 | D:3      | Noticed Sigmund
  2083 | D:3      | Killed Sigmund
  2083 | D:3      | Reached skill level 7 in Stealth
  2083 | D:3      | Reached XP level 6. HP: 32/39 MP: 6/6
  2268 | D:3      | Noticed Crazy Yiuf
  2272 | D:3      | Killed Crazy Yiuf
  2543 | D:4      | Found a staircase to the Ecumenical Temple.
  2552 | Temple   | Entered the Ecumenical Temple
  3261 | D:4      | Noticed Robin
  3363 | D:4      | Reached skill level 8 in Stealth
  3381 | D:4      | Killed Robin
  3412 | D:4      | Noticed Natasha
  3415 | D:4      | Noticed Jessica
  3416 | D:4      | Killed Natasha
  3416 | D:4      | Reached XP level 7. HP: 45/45 MP: 7/7
  3425 | D:4      | Found a deep blue altar of Sif Muna.
  3478 | D:4      | Killed Jessica
  4022 | D:4      | Noticed Natasha
  4025 | D:4      | Killed Natasha
  4025 | D:4      | Reached skill level 5 in Short Blades
  4036 | D:5      | Entered Level 5 of the Dungeon
  4068 | D:5      | Found a sand-covered staircase.
  4092 | Ossuary  | Entered an ossuary
  4281 | Ossuary  | Reached skill level 9 in Stealth
  4707 | Ossuary  | Reached XP level 8. HP: 50/50 MP: 8/8
  4981 | Ossuary  | Reached skill level 10 in Stealth
  6198 | D:5      | Reached skill level 11 in Stealth
  6981 | D:5      | Reached XP level 9. HP: 40/54 MP: 9/9
  7612 | D:5      | Found a sparkling altar of Nemelex Xobeh.
  8044 | D:6      | Reached skill level 12 in Stealth
  8522 | D:6      | Learned a level 2 spell: Blink
  8525 | D:6      | Learned a level 2 spell: Shroud of Golubria
  8818 | D:6      | Learned a level 1 spell: Infusion
  9122 | D:7      | Identified a scroll of acquirement
  9126 | D:7      | Got a sparkling lapis lazuli ring
  9127 | D:7      | Identified the ring "Fuphouj" {Ice +Blink MP+9 Dex+3} (You acquired it on level 7 of the Dungeon)
  9309 | D:7      | Reached skill level 13 in Stealth
  9359 | D:7      | Reached skill level 1 in Evocations
  9381 | D:7      | Reached XP level 10. HP: 60/60 MP: 12/12
  9424 | D:7      | Noticed Pikel
  9442 | D:7      | Killed Pikel
  9442 | D:7      | Reached skill level 10 in Short Blades
  9505 | D:7      | Found a flagged portal.
  9530 | Bailey   | Entered a bailey
  9665 | Bailey   | Reached skill level 5 in Evocations
  9928 | Bailey   | Noticed an orc knight
  9931 | Bailey   | Killed an orc knight
 10646 | Bailey   | HP: 1/61 [orc warrior/bolt (31)]
 10715 | Bailey   | Shot with a bolt by an orc

Skill      XL: |  1  2  3  4  5  6  7  8  9 10 |
---------------+-------------------------------+-----
Stealth        | 6 7 8 9 11 13 | 13.0
Short Blades   | 3 4 5 7 9 10 | 10.7
Throwing       | 3 4 |  4.0
Evocations     | 3 6 |  6.0
Fighting       | |  2.7
Dodging        | |  1.0

Action                   |  1- 3 |  4- 6 |  7- 9 | 10-12 || total
-------------------------+-------+-------+-------+-------++-------
Melee: Dagger            |    84 |    87 |   351 |    65 ||   587
       Constrict         |    21 |    20 |    55 |    10 ||   106
       Tentacles         |    10 |    19 |    79 |    19 ||   127
 Fire: Blowgun           |       |    16 |    15 |       ||    31
 Cast: Blink             |       |       |       |     1 ||     1
       Infusion          |       |       |       |     1 ||     1
  Use: Scroll            |       |       |    21 |     1 ||    22
       Potion            |       |       |    11 |       ||    11
 Stab: Distracted        |     1 |       |       |     1 ||     2
       Sleeping          |    11 |    14 |    27 |    13 ||    65
  Eat: Chunk             |     1 |     7 |    12 |     4 ||    24
       Bread ration      |       |       |     2 |       ||     2
       Royal jelly       |       |       |     1 |       ||     1
Armor: Skin              |     8 |       |     6 |       ||    14
Dodge: Dodged            |    68 |    38 |   115 |    27 ||   248
